 Dungeon Crawl Stone Soup version 0.27.1-16-g815e20cd7a (webtiles) character file.

Game seed: 14386673283526322556

3777 DenSaoPin the Priest (level 10, -7/77 HPs)
             Began as a Hill Orc Monk on Nov 22, 2021.
             Was a Believer of Beogh.
             Mangled by Maggie (9 damage)
             ... on level 7 of the Dungeon.
             The game lasted 00:35:07 (10794 turns).

DenSaoPin the Priest (Hill Orc Monk)               Turns: 10794, Time: 00:35:08

Health: -7/77      AC: 14    Str: 18    XL:     10   Next: 16%
Magic:  0/25       EV:  6    Int: 10    God:    Beogh [**....]
Gold:   275        SH:  0    Dex: 13    Spells: 9/9 levels left

rFire    . . .     SeeInvis .   G - +0 battleaxe
rCold    . . .     Faith    .   (shield currently unavailable)
rNeg     + . .     Spirit   +   e - +0 plate armour
rPois    .         Reflect  .   (no helmet)
rElec    .         Harm     .   l - +0 cloak
rCorr    .         Rampage  .   (no gloves)
Will     .....                  (no boots)
Stlth    ..........             o - amulet of guardian spirit
HPRegen  0.22/turn              f - ring of positive energy
MPRegen  0.19/turn              z - ring of magical power

@: no status effects
A: no striking features
a: Renounce Religion, Smiting


You were on level 7 of the Dungeon.
You worshipped Beogh.
Beogh was pleased with you.
You visited 1 branch of the dungeon, and saw 8 of its levels.
You also visited: Sewer.

You collected 275 gold pieces.

Inventory:

Hand Weapons
 a - a +0 hand axe
 c - a +2 spear of venom
 r - a +0 scythe
 A - a +2 mace of protection
 C - a +0 war axe
 G - a +0 battleaxe (weapon)
 H - a +0 dire flail
Armour
 b - a +0 robe
 e - a +0 plate armour (worn)
 j - a +0 buckler
 l - a +0 cloak (worn)
 F - +0 steam dragon scales
Jewellery
 f - a ring of positive energy (left hand)
 o - an amulet of guardian spirit (around neck)
 z - a ring of magical power (right hand)
 E - an amulet of guardian spirit
Wands
 n - a wand of flame (40) (quivered)
 p - a wand of acid (8)
 w - a wand of mindburst (9)
Scrolls
 h - a scroll of blinking
 i - a scroll of fog {unknown}
 k - 6 scrolls of teleportation {unknown}
 m - 2 scrolls of acquirement {unknown}
 q - a scroll of immolation {unknown}
 t - 3 scrolls of vulnerability {unknown}
 u - 2 scrolls of fear {unknown}
 v - 2 scrolls of summoning {unknown}
 x - a scroll of noise {unknown}
 y - 8 scrolls of identify {unknown}
 D - a scroll of enchant weapon {unknown}
Potions
 d - a potion of lignification
 g - 3 potions of cancellation {unknown}
 s - 4 potions of brilliance
 B - a potion of magic
 I - a potion of flight {unknown}


   Skills:
 - Level 3.6 Fighting
 + Level 7.3(9.2) Axes
 - Level 7.3(8.4) Maces & Flails
 - Level 7.5 Armour
 - Level 2.4 Dodging
 - Level 1.5 Stealth
 - Level 7.0 Shields
 * Level 8.7 Invocations


You had 9 spell levels left.
You didn't know any spells.
Your spell library contained the following spells:

 Spells                   Type           Power      Damage    Failure   Level
 Conjure Flame            Conj/Fire      0%         6-21      100%        3
 Gell's Gravitas          Tloc           0%         N/A       100%        3
 Ignite Poison            Fire/Tmut/Pois 0%         N/A       100%        3
 Lesser Beckoning         Tloc           0%         N/A       100%        3
 Mephitic Cloud           Conj/Pois/Air  0%         N/A       100%        3
 Teleport Other           Tloc           0%         N/A       100%        3
 Animate Dead             Necr           0%         N/A       100%        4
 Sticky Flame             Conj/Fire      0%         2d3       100%        4
 Bolt of Magma            Conj/Fire/Erth 0%         4d4       100%        5
 Haunt                    Necr/Summ      0%         N/A       100%        7
 Infestation              Necr           0%         N/A       100%        8


Dungeon Overview and Level Annotations

Branches:
Dungeon (8/15)             Temple (0/1) D:5            Lair (0/6) D:8
  Sewer (visited)

Altars:
Ashenzari
Cheibriados
Nemelex Xobeh
Okawaru
Sif Muna
Trog
Vehumet
Xom

Annotations:
D:7 Maggie
D:8 1 runed translucent door, Grum


Message History

You closely miss the wolf. The wolf bites you!
The wolf bites you but does no damage. Grum barely misses you.
You miss the wolf. The wolf bites you. The wolf bites you but does no damage.
Grum hits you but does no damage. The wolf bites you but does no damage.
You miss the wolf. The wolf bites you but does no damage.
Grum hits you from afar with a -1 spear!
The wolf closely misses you.
You closely miss the wolf. The wolf barely misses you. Grum barely misses you.
The wolf bites you but does no damage.
Grum hits you from afar with a -1 spear!
The wolf bites you.
* * * LOW HITPOINT WARNING * * *
The wolf bites you but does no damage. The wolf bites you but does no damage.
The wolf barely misses you. The wolf bites you.
* * * LOW HITPOINT WARNING * * *
The wolf bites you but does no damage.
There is an open door here.
The wolf bites you.
* * * LOW HITPOINT WARNING * * *
The wolf bites you but does no damage. The wolf bites you but does no damage.
The wolf bites you!
* * * LOW HITPOINT WARNING * * *
The wolf bites you but does no damage. The wolf bites you.
The wolf bites you but does no damage.
There is a stone staircase leading up here.
The wolf barely misses you.
Grum points his finger and barks, "Attack!"
You climb upwards.
Level annotation: Maggie The orc shouts!
The steam dragon breathes steam at you. The ball of steam hits you!!
* * * LOW HITPOINT WARNING * * *
The boulder beetle curls into a ball and begins rolling!
Maggie hits you with a +2 broad axe of flaming!
You die...

#..# ##.. .
..####..#.......
#.###..##.......
................
#.###.###.....(. ####
#.#...# ....... #...#
#.#.### ....... ....#
#.#.## #...#@oB.##
.....#### #§@§§D..#
..#.....# ##.h....#
#...###.#######.>.....#
..@.............#######
<.......########
............##########
......####........^..#
......# ##........#.###
......# #######......#


You could see a boulder beetle (rolling), Maggie, a wolf and an orc.

Vanquished Creatures
  An elephant (D:8)
  Sigmund (D:2)
  2 wyverns
  A basilisk (D:8)
  Menkaure (D:5)
  2 steam dragons
  A water moccasin (D:6)
  2 black bears
  2 ice beasts
  2 orc warriors (D:8)
  2 sky beasts
  2 necrophages
  3 ogres (D:5)
  A centaur (D:8)
  A kobold brigand (D:8)
  5 bullfrogs
  A water moccasin zombie (D:6)
  3 killer bees (D:6)
  A water moccasin skeleton (D:6)
  2 howler monkeys (D:7)
  A hound (D:6)
  2 centaur skeletons
  A bullfrog skeleton (D:3)
  2 iguanas
  An orc wizard (D:4)
  A hound zombie (D:5)
  A hound skeleton (D:4)
  A mummy (D:8)
  A howler monkey zombie (D:5)
  8 gnolls
  10 adders
  A shadow imp (D:6)
  A white imp (D:6)
  2 worms (D:3)
  4 dart slugs
  11 orcs
  7 endoplasms
  15 giant cockroaches
  5 goblins
  5 hobgoblins
  8 jackals (D:1)
  2 quokkas
  9 ball pythons
  6 bats
  7 frilled lizards
  11 kobolds
  2 rats
161 creatures vanquished.

Notes
Turn   | Place    | Note
-------+----------+-------------------------------------------
     0 | D:1      | DenSaoPin the Hill Orc Monk began the quest for the Orb.
     0 | D:1      | Reached XP level 1. HP: 19/19 MP: 1/1
   266 | D:1      | Reached skill level 1 in Armour
   309 | D:1      | Reached XP level 2. HP: 22/26 MP: 2/2
   538 | D:1      | Found a faded altar of an unknown god.
   707 | D:1      | Reached XP level 3. HP: 17/31 MP: 3/3
  1194 | D:2      | Reached skill level 5 in Axes
  1362 | D:2      | Noticed Sigmund
  2124 | D:3      | Reached XP level 4. HP: 37/39 MP: 4/4
  2330 | D:3      | Reached skill level 1 in Shields
  2583 | D:3      | Reached XP level 5. HP: 45/45 MP: 5/5
  2993 | D:3      | Found a sparkling altar of Nemelex Xobeh.
  2994 | D:3      | Found a shimmering altar of Xom.
  3644 | D:2      | Killed Sigmund
  3645 | D:2      | Reached XP level 6. HP: 15/51 MP: 6/6
  4443 | D:4      | Found a shimmering blue altar of Sif Muna.
  4558 | D:4      | Found a glowing drain.
  4574 | Sewer    | Entered a sewer
  5157 | D:4      | Reached XP level 7. HP: 53/57 MP: 7/7
  5495 | D:5      | Entered Level 5 of the Dungeon
  5532 | D:5      | Reached skill level 1 in Maces & Flails
  5532 | D:5      | Reached skill level 5 in Armour
  5548 | D:5      | Found a staircase to the Ecumenical Temple.
  5820 | D:5      | Noticed Menkaure
  5830 | D:5      | Killed Menkaure
  5831 | D:5      | Reached skill level 5 in Shields
  5831 | D:5      | Reached XP level 8. HP: 53/64 MP: 6/8
  6601 | D:6      | Became a worshipper of Beogh the Brigand
  6601 | D:6      | Reached * piety under Beogh
  6601 | D:6      | Reached ** piety under Beogh
  6766 | D:6      | HP: 2/64 [poisoned by a gnoll]
  7077 | D:6      | Found an iron altar of Okawaru.
  7273 | D:6      | Reached skill level 5 in Maces & Flails
  7273 | D:6      | Reached XP level 9. HP: 60/70 MP: 7/9
  7483 | D:7      | Reached skill level 1 in Invocations
  7516 | D:7      | Noticed a manticore
  7540 | D:6      | Reached skill level 2 in Invocations
  7746 | D:7      | Noticed Maggie
  8511 | D:6      | Reached skill level 3 in Invocations
  8735 | D:7      | Found a radiant altar of Vehumet.
  9049 | D:7      | Reached skill level 4 in Invocations
  9173 | D:7      | Reached skill level 5 in Invocations
  9232 | D:7      | Found a bloodstained altar of Trog.
  9419 | D:8      | Found a staircase to the Lair.
  9419 | D:8      | Noticed an elephant
  9452 | D:8      | Reached skill level 6 in Invocations
  9478 | D:8      | Killed an elephant
  9479 | D:8      | Reached skill level 7 in Invocations
  9589 | D:8      | Reached XP level 10. HP: 14/77 MP: 4/15
 10066 | D:8      | Reached skill level 8 in Invocations
 10590 | D:8      | Found a snail-covered altar of Cheibriados.
 10761 | D:8      | Found a runed translucent door.
 10763 | D:8      | Noticed Grum
 10794 | D:7      | Noticed a boulder beetle
 10794 | D:7      | Found a broken altar of Ashenzari.
 10794 | D:7      | HP: 2/77 [something/ball of steam (13)]
 10794 | D:7      | Mangled by Maggie

Illustrated notes

Levels and vault maps discovered:
D:1:      lemuel_arrival_broad_hall, layout_basic,
          ebering_ecumenical_altar_sacrificial
D:2:      layout_loops_ring, uniq_sigmund
D:3:      layout_basic, mainiacjoe_overflow_divided_tiny
D:4:      layout_loops_corners, tgw_sif, gup_sewer_entry_pipe
D:5:      layout_rooms, minmay_temple_entry_mist, uniq_menkaure
D:6:      layout_rooms, kennysheep_okawaru_gauntlet, minmay_misc_feat_diagonals
D:7:      layout_rooms, bloody_trog, hangedman_feature_mirror, uniq_maggie
D:8:      due_megacathedral, layout_basic, slow_altar_2, david_lair_generic,
          uniq_grum

Skill      XL: |  1  2  3  4  5  6  7  8  9 10 |
---------------+-------------------------------+-----
Armour         | 1 2 3 4 5 7 |  7.5
Axes           | 5 6 7 |  7.3
Shields        | 1 3 5 6 7 |  7.0
Maces & Flails | 2 5 7 |  7.3
Invocations    | 7 8 |  8.7
Fighting       | |  3.6
Dodging        | |  2.4
Stealth        | |  1.5

Action                   |  1- 3 |  4- 6 |  7- 9 | 10-12 || total
-------------------------+-------+-------+-------+-------++-------
Melee: Hand axe          |   150 |   291 |    12 |       ||   453
       Mace              |       |       |   420 |    27 ||   447
       Battleaxe         |       |       |       |    47 ||    47
Invok: Convert to Beogh  |       |       |     1 |       ||     1
       Smiting           |       |       |     5 |       ||     5
  Use: Potion            |     3 |       |     9 |       ||    12
       Scroll            |       |       |     2 |       ||     2
 Stab: Sleeping          |     2 |       |       |       ||     2
Armor: Robe              |     2 |       |       |       ||     2
       Plate armour      |    95 |   180 |   329 |    54 ||   658
       Skin              |     9 |     2 |    25 |       ||    36
Dodge: Dodged            |    41 |    49 |   119 |    28 ||   237
Block: Buckler           |     5 |    47 |   104 |     8 ||   164
